 Seeded DCSS version 0.29.1-15-g9cfb28693d (webtiles) character file.

Game seed: 11721550145171638735 (custom seed)

933 Twinkles the Sneak (level 7, -2/55 HPs)
             Began as a Vampire Brigand on May 24, 2023.
             Was an Initiate of Dithmenos.
             Slain by Sigmund
             ... wielding a +0 scythe
              (10 damage)
             ... on level 6 of the Dungeon.
             The game lasted 00:04:54 (3838 turns).

Twinkles the Sneak (Vampire Brigand)                Turns: 3838, Time: 00:04:55

Health: -2/55      AC:  7    Str:  8 (10) XL:     7   Next: 86%
Magic:  8/8        EV:  9    Int: 13 (14) God:    Dithmenos [......]
Gold:   206        SH:  0    Dex: 16 (17) Spells: 6/6 levels left

rFire   . . .      SeeInvis +   s - +1 dagger (venom)
rCold   . . .      Faith    .   z - +0 buckler
rNeg    + . .      Spirit   .   y - +3 leather armour
rPois   .          Reflect  .   (no helmet)
rElec   .          Harm     .   c - +0 cloak
rCorr   .          Rampage  .   (no gloves)
Will    .....                   (no boots)
Stlth   +.........              p - amulet of Vitality {RegenMP++ Regen++}
HPRegen 1.98/turn               D - ring of positive energy
MPRegen 0.91/turn               F - ring of wizardry

@: confused, grasped by roots, healing quickly, constricted
A: alive, fangs 3, see invisible, vampiric 2
a: Exsanguinate, Renounce Religion


You were on level 6 of the Dungeon.
You worshipped Dithmenos.
Dithmenos was noncommittal.
You visited 2 branches of the dungeon, and saw 7 of its levels.

You collected 206 gold pieces.

Inventory:

Hand Weapons
 a - a +2 dagger
 s - a +1 dagger of venom (weapon)
Missiles
 d - 19 poisoned darts (quivered)
 e - 3 curare-tipped darts
 j - 2 atropa-tipped darts
Armour
 b - a +0 robe
 c - a +0 cloak (worn)
 y - a +3 leather armour (worn)
 z - a +0 buckler (worn)
Jewellery
 p - the amulet of Vitality (around neck) {RegenMP++ Regen++}
   (You found it on level 2 of the Dungeon)

   [amulet of magic regeneration]

   It increases your rate of magic regeneration.
   Regen:     It increases your rate of health regeneration.
 x - an amulet of faith
 D - a ring of positive energy (left hand)
 F - a ring of wizardry (right hand)
Wands
 o - a wand of mindburst (9)
 v - a wand of paralysis (4)
Scrolls
 g - 3 scrolls of poison {unknown}
 i - a scroll of noise {unknown}
 k - 4 scrolls of teleportation {unknown}
 l - 2 scrolls of identify {unknown}
 q - a scroll of magic mapping {unknown}
 u - a scroll of enchant weapon {unknown}
 A - a scroll of amnesia {unknown}
 B - a scroll of torment {unknown}
 C - a scroll of summoning {unknown}
Potions
 f - 3 potions of flight {unknown}
 h - 2 potions of degeneration
 m - a potion of brilliance {unknown}
 n - a potion of magic
 r - a potion of curing {unknown}
 t - a potion of resistance {unknown}
 w - a potion of invisibility {unknown}
 E - a potion of haste {unknown}


   Skills:
 + Level 4.5 Fighting
 + Level 5.5 Short Blades
 - Level 2.6 Throwing
 - Level 2.9 Dodging
 - Level 7.2 Stealth
 - Level 2.0 Shields
 + Level 2.4 Invocations


You had 6 spell levels left.
You didn't know any spells.
Your spell library was empty.

Dungeon Overview and Level Annotations

Branches:
Dungeon (6/15)             Temple (1/1) D:4

Altars:
Ashenzari
Dithmenos
Gozag
Kikubaaqudgha
Makhleb
Nemelex Xobeh
Okawaru
Qazlal
Ru
Trog
Uskayaw
Vehumet
Wu Jian
Xom
Yredelemnul

Annotations:
D:4 2 runed translucent doors, Zenx's ghost, amateur SpBr
D:6 Sigmund
Temple 2 transporters


Innate Abilities, Weirdness & Mutations

Your natural rate of healing is accelerated.
You have razor-sharp teeth.
You have supernaturally acute eyesight. (SInv)
You are afflicted with vampirism and can become a bat while bloodless.


Message History

Sigmund is lightly wounded.
You feel sick. Sigmund hits you with a +0 scythe!
The grasping roots constrict you! You block the adder's attack.
The grasping roots release their grip on you.
You are too injured to fight recklessly!
You are too injured to fight recklessly!
You are too injured to fight recklessly!
You are too injured to fight recklessly!
You closely miss Sigmund.
Sigmund is lightly wounded.
The adder bites you but does no damage.
You hit Sigmund but do no damage.
Sigmund is lightly wounded.
You feel sick. Sigmund gestures at you while chanting.
You are confused.
The adder bites you but does no damage.
Okay, then.
Unknown command.
You're too confused to move!
You feel sick. Sigmund casts a spell at you. The puff of flame hits you!
The adder closely misses you.
A hound comes into view.
You're too confused to move!
You feel sick. Sigmund hits you with a +0 scythe!
* * * LOW HITPOINT WARNING * * *
The adder barely misses you.
It was a potion of magic.
Magic courses through your body.
You feel sick.
You are no longer poisoned.
The adder barely misses you.
Sigmund zaps a wand.
The roots erupt in riotous growth!
The grasping roots grab you!
Sigmund is unaffected.
The adder is unaffected.
The grasping roots constrict you.
* * * LOW HITPOINT WARNING * * *
Unknown command.
It was a potion of degeneration.
There was something very wrong with that liquid.
You feel weakened.
You feel dopey.
You feel clumsy.
The adder bites you but does no damage. x2; Sigmund hits you with a +0 scythe!
You die...

.........###
.........#
.......†.#######
...........#⌠..####
.........###......#
..##.....# #......##
..##[....###...#...#
..##.....##....#...#
..##......#...##)..##
..##......#...#.@†..#
#.........#...#@S...#
#.###..##.#...#..$..#
#......##.#..)#.h⌠?.#
#+###.###.#...#..?..#
#.# #.#...#.....# #.#
#.#...#.....# ###
#.#...##...##
#.#....#


You could see Sigmund (poisoned), a hound and an adder.

Vanquished Creatures
  An ice beast (D:5)
  2 ogres
  A centaur (D:5)
  A scorpion (D:5)
  A bullfrog zombie (D:6)
  4 hounds
  2 jellies
  2 orc priests (D:4)
  Ijyb (D:3)
  2 orc wizards (D:4)
  10 adders
  A shadow imp (D:6)
  An ufetubus (D:4)
  2 worms
  4 dart slugs
  5 orcs
  3 ball pythons
  4 endoplasms
  4 giant cockroaches
  7 goblins
  5 hobgoblins
  2 jackals (D:4)
  3 quokkas
  6 bats
  4 frilled lizards
  6 kobolds
  2 rats (D:1)
86 creatures vanquished.

Vanquished Creatures (others)
  An orc (D:4)
1 creature vanquished.

Grand Total: 87 creatures vanquished

Notes
Turn   | Place    | Note
-------+----------+-------------------------------------------
     0 | D:1      | Twinkles the Vampire Brigand began the quest for the Orb.
     0 | D:1      | Reached XP level 1. HP: 16/16 MP: 1/1
    76 | D:1      | Reached skill level 6 in Stealth
   123 | D:1      | Found a faded altar of an unknown god.
   193 | D:1      | Reached XP level 2. HP: 17/22 MP: 2/2
   728 | D:2      | Found the amulet of Vitality {RegenMP++ Regen++}
   748 | D:2      | Gained mutation: You are afflicted with vampirism and can
                  | become a bat while bloodless. [Vampire growth]
   748 | D:2      | Reached XP level 3. HP: 27/27 MP: 3/3
  1476 | D:3      | Reached XP level 4. HP: 34/34 MP: 4/4
  1727 | D:3      | Noticed Ijyb
  1730 | D:3      | Killed Ijyb
  1988 | D:4      | Reached XP level 5. HP: 39/39 MP: 5/5
  2157 | D:4      | You fall into a shaft and drop 2 floors!
  2163 | D:5      | Entered Level 5 of the Dungeon
  2163 | D:5      | Noticed a centaur
  2173 | D:5      | Killed a centaur
  2174 | D:5      | Reached skill level 7 in Stealth
  2174 | D:5      | Reached XP level 6. HP: 38/47 MP: 6/6
  2282 | D:4      | Reached skill level 1 in Shields
  2332 | D:4      | Found a large runed translucent door.
  2332 | D:4      | Found a large runed translucent door.
  2333 | D:4      | Noticed Zenx's ghost (amateur SpBr)
  2600 | D:4      | Found a staircase to the Ecumenical Temple.
  2745 | Temple   | Entered the Ecumenical Temple
  2745 | Temple   | Found a transporter.
  2745 | Temple   | Found a transporter.
  2747 | Temple   | Found a transporter.
  2747 | Temple   | Found a transporter.
  2762 | Temple   | Became a worshipper of Dithmenos the Shadowed
  2943 | D:5      | Reached XP level 7. HP: 44/53 MP: 7/7
  3097 | D:5      | Reached skill level 1 in Invocations
  3212 | D:5      | Found a sacrificial altar of Ru.
  3233 | D:5      | Reached skill level 5 in Short Blades
  3823 | D:6      | Noticed Sigmund
  3838 | D:6      | Slain by Sigmund

Illustrated notes

Levels and vault maps discovered:
D:1:      dpeg_arrival_connections, layout_loops_cross,
          chequers_ecumenical_altar_simple_redux
D:2:      layout_loops_ring, dreamdust_princess_corridor
D:3:      layout_basic, minmay_misc_feat_encased, uniq_ijyb
D:4:      layout_basic, minmay_temple_entry_fiery, ebering_ghost_disaster_area,
          chequers_decorated_corner
D:5:      layout_basic, nicolae_ru_path_of_blood
D:6:      kennysheep_spiral_hall, layout_basic, serial_undead, serial_undead_b,
          serial_undead_b, serial_undead_a, serial_undead_e,
          hellmonk_ghost_happy_afterlife, uniq_sigmund
Temple:   hellmonk_temple_divided_pantheon

Skill      XL: |  1  2  3  4  5  6  7 |
---------------+----------------------+-----
Stealth        | 6 7 |  7.2
Fighting       | 2 3 4 |  4.5
Throwing       | 2 |  2.6
Dodging        | 2 |  2.9
Short Blades   | 3 4 5 |  5.5
Shields        | 1 2 |  2.0
Invocations    | 2 |  2.4

Action                   |  1- 3 |  4- 6 |  7- 9 || total
-------------------------+-------+-------+-------++-------
Melee: Dagger            |    84 |   106 |   105 ||   295
       Bite              |     9 |    11 |    14 ||    34
       Punch             |       |     1 |       ||     1
  Use: Potion            |       |       |     2 ||     2
 Stab: Sleeping          |    14 |     6 |     2 ||    22
       Distracted        |       |     1 |       ||     1
Armor: Robe              |    19 |     1 |       ||    20
       Leather armour    |       |    36 |    22 ||    58
Dodge: Dodged            |    32 |    67 |    44 ||   143
Block: Buckler           |       |    15 |    13 ||    28
